 Dungeon Crawl Stone Soup version 0.27-a0-684-g359e429f13 (webtiles) character file.

Game seed: 5456559222690315974

2 Aapotti the Stinger (level 1, 0/14 HPs)
             Began as a Demigod Venom Mage on Mar 20, 2021.
             Slain by a leopard gecko (5 damage)
             ... on level 1 of the Dungeon.
             The game lasted 00:00:22 (31 turns).

Aapotti the Stinger (Demigod Venom Mage)              Turns: 31, Time: 00:00:24

Health: 0/14       AC:  2    Str:  9    XL:     1   Next: 26%
Magic:  1/5        EV: 12    Int: 17    God:
Gold:   0          SH:  0    Dex: 14    Spells: 2/3 levels left

rFire    . . .     SeeInvis .   b - +0 quarterstaff
rCold    . . .     Faith    .   (shield currently unavailable)
rNeg     . . .     Spirit   .   a - +0 robe
rPois    .         Reflect  .   (no helmet)
rElec    .         Harm     .   (no cloak)
rCorr    .         Rampage  .   (no gloves)
Will     .....                  (no boots)
Stlth    ++........             (no amulet)
HPRegen  0.04/turn              (no ring)
MPRegen  0.09/turn              (no ring)

@: no status effects
A: high mp 1, forlorn
a: no special abilities


You were on level 1 of the Dungeon.
You visited 1 branch of the dungeon, and saw 1 of its levels.

Inventory:

Hand Weapons
 b - a +0 quarterstaff (weapon)
Armour
 a - a +0 robe (worn)


   Skills:
 + Level 1.8 Dodging
 + Level 1.7 Stealth
 + Level 1.9 Spellcasting
 + Level 0.8 Transmutations
 + Level 2.7 Poison Magic


You had 2 spell levels left.
You knew the following spells:

 Your Spells              Type           Power      Damage    Failure   Level
a - Sting                 Tmut/Pois      28%        1d4       10%         1

Your spell library contained the following spells:

 Spells                   Type           Power      Damage    Failure   Level
 Poisonous Vapours        Pois/Air       12%        N/A       17%         2
 Ignite Poison            Fire/Tmut/Pois 5%         N/A       34%         3
 Mephitic Cloud           Conj/Pois/Air  4%         N/A       38%         3
 Olgreb's Toxic Radiance  Pois           10%        N/A       54%         4


Dungeon Overview and Level Annotations

Branches:
Dungeon (1/15)


Innate Abilities, Weirdness & Mutations

Your attributes grow dramatically as you level up.
You have an increased reservoir of magic. (+10% MP)
You shall have no god before yourself.


Message History

Press: ? - help, Shift-Dir - straight line, f/p - goblin
Aim: a goblin, wielding a +0 club (almost dead, poisoned, 40% to evade)
The sting hits the goblin.
The goblin looks even sicker.
You kill the goblin!
The bat hits you.
Casting: Sting (safe; 10% risk of failure)
Confirm with . or Enter, or press ? or * to list all spells.
Aiming: Sting (safe; 10% risk of failure)
Press: ? - help, Shift-Dir - straight line, f - bat
Aim: a bat (48% to evade)
The sting hits the bat.
The bat is poisoned.
The bat is moderately wounded.
The bat closely misses you.
Casting: Sting (safe; 10% risk of failure)
Confirm with . or Enter, or press ? or * to list all spells.
Aiming: Sting (safe; 10% risk of failure)
Press: ? - help, Shift-Dir - straight line, f/p - bat
Aim: a bat (moderately wounded, poisoned, 48% to evade)
The sting hits the bat.
The bat looks even sicker.
You kill the bat!
Things that are here:
a +0 club; a goblin corpse You see here a +0 quarterstaff.
b - a +0 quarterstaff
b - a +0 quarterstaff (weapon)
Found 9 gold pieces.
A bat comes into view.
A leopard gecko comes into view.
The leopard gecko hisses angrily.
You completely miss the leopard gecko. The leopard gecko bites you.
You miss the leopard gecko. The leopard gecko bites you. x2
Casting: Sting (safe; 10% risk of failure)
Confirm with . or Enter, or press ? or * to list all spells.
Aiming: Sting (safe; 10% risk of failure)
Press: ? - help, Shift-Dir - straight line, f - leopard gecko
Aim: a leopard gecko (48% to evade)
The sting hits the leopard gecko.
The leopard gecko is poisoned.
The leopard gecko is severely wounded.
The leopard gecko bites you.
You die...

♣♣♣♣♣♣♣♣♣♣♣♣♣♣♣♣♣♣ ♣♣♣♣
♣<♣..♣...♣♣.♣....♣.....
♣..♣♣..♣♣..♣...♣....♣ .
♣♣♣..♣..♣.♣.....♣..♣♣..
♣..♣♣♣♣.♣♣.)♣♣.♣♣......
♣. ♣.♣..♣...l..♣ ♣
..♣...♣@.♣♣$..
♣.♣.♣..♣..[♣ ..
♣.♣♣......♣ ..
♣♣.♣..♣♣.... ♣ ♣...♣
.♣♣.♣ ♣..♣.. ♣. ..b
♣.♣♣. . ..♣ ♣. ♣ ♣♣ ..


You could see a leopard gecko (poisoned) and a bat (asleep).

Vanquished Creatures
  A bat (D:1)
  A goblin (D:1)
2 creatures vanquished.

Notes
Turn   | Place    | Note
-------+----------+-------------------------------------------
     0 | D:1      | Aapotti the Demigod Venom Mage began the quest for the Orb.
     0 | D:1      | Reached XP level 1. HP: 14/14 MP: 5/5
    31 | D:1      | Slain by a leopard gecko

Illustrated notes

Levels and vault maps discovered:
D:1:      erik_arrival_cave_to_civilisation [erik_arrival_cave_to_hall],
          layout_loops_ring, xom_teletrap_fun

Action                   || total
-------------------------++-------
Melee: Quarterstaff      ||     2
 Cast: Sting             ||     5
Dodge: Dodged            ||     1

Table legend: (Time is in decaauts)
 A = Elapsed time spent in this place.
 B = Non-inter-level travel time spent in this place.
 C = Inter-level travel time spent in this place.
 D = Time resting spent in this place.
 E = Time spent auto-exploring this place.
 F = Levels seen in this place.
 G = Mean time per level.
                   A        B        C        D        E       F      G
               +--------+--------+--------+--------+--------+-----+--------+
         Total |     31 |     31 |      0 |      0 |      8 |   1 |   31.0 |
       Dungeon |     31 |     31 |      0 |      0 |      8 |   1 |   31.0 |
               +--------+--------+--------+--------+--------+-----+--------+

Top non-repeatable levels by time:
     D:1: 31 daAuts
